 Dungeon Crawl Stone Soup version 0.18-a0-1730-g73f0523 (webtiles) character file.

59 M4edhros the Sneak (level 4, -15/28 HPs)
             Began as an Octopode Artificer on Apr 10, 2016.
             Demolished by an orc warrior
             ... wielding a cursed -1 scimitar
              (20 damage)
             ... on level 3 of the Dungeon.
             The game lasted 00:01:39 (1307 turns).

M4edhros the Sneak (Octopode Artificer)             Turns: 1307, Time: 00:01:40

Health: -15/28     AC:  1    Str: 10    XL:     4   Next: 3%
Magic:  6/6        EV: 12    Int: 14    God:
Gold:   83         SH:  0    Dex: 13    Spells: 0 memorised, 3 levels left

rFire  . . .     SeeInvis .     a - +0 short sword
rCold  . . .     Gourm    .     (no shield)
rNeg   . . .     Faith    .     (helmet restricted)
rPois  .         Spirit   .     p - amulet of dismissal
rElec  .         Dismiss  +     (no ring)
rCorr  .         Reflect  .     (no ring)
SustAt .         Harm     .     (no ring)
MR     .....                    (no ring)
Stlth  ++++......               (no ring)
                                (no ring)
                                (no ring)
                                (no ring)

@: not resistant to hostile enchantments, stealthy
A: almost no armour, amphibious, 8 rings, constrict 8, camouflage 1, gelatinous
body 1
a: no special abilities


You were on level 3 of the Dungeon.
You were not hungry.

You visited 1 branch of the dungeon, and saw 3 of its levels.

You collected 83 gold pieces.

Inventory:

Hand Weapons
 a - a +0 short sword (weapon)
 j - a +0 hunting sling
Missiles
 e - 76 stones (quivered)
 h - 33 sling bullets
Jewellery
 p - an amulet of dismissal (around mantle)
Wands
 b - a wand of flame (13/48)
 c - a wand of enslavement (13/24)
 d - a wand of random effects (12/48)
Scrolls
 g - a scroll of amnesia {unknown}
 i - a scroll of immolation {unknown}
 k - 3 scrolls of fog {unknown}
 n - a scroll of identify {unknown}
Potions
 o - a potion of degeneration {unknown}
Comestibles
 f - 3 bread rations
 l - a slice of pizza
 m - a chunk of flesh


   Skills:
 - Level 1.0 Fighting
 - Level 1.0 Short Blades
 + Level 2.2 Slings
 - Level 2.0 Dodging
 + Level 4.1 Stealth
 - Level 3.2 Evocations


You had 3 spell levels left.
You didn't know any spells.

Dungeon Overview and Level Annotations

Branches:
Dungeon (3/15)

Altars:
Trog


Innate Abilities, Weirdness & Mutations

You cannot wear most types of armour.
You are amphibious.
You can wear up to eight rings at the same time.
You can use your tentacles to constrict eight enemies at once.
Your skin changes colour to match your surroundings (Stealth).
Your rubbery body absorbs attacks (AC +1).


Message History

The orc warrior is severely wounded.
This wand has 14 charges left.
Evoke which item? (* to show all) (? for menu, Esc to quit)
Zapping:
d - a wand of random effects (13/48)
Press: ? - help, Shift-Dir - straight line, f/p - orc warrior
Aim: an orc warrior, wielding a scimitar and wearing a glowing chain mail (severely wounded)
The puff of flame hits the orc warrior.
The orc warrior is almost dead.
This wand has 12 charges left.
Evoke which item? (* to show all) (? for menu, Esc to quit)
Zapping:
b - a wand of flame (14/48)
Press: ? - help, Shift-Dir - straight line, f/p - orc warrior
Aim: an orc warrior, wielding a scimitar and wearing a glowing chain mail (almost dead)
The puff of flame misses the orc warrior.
The puff of flame hits the orc.
The orc is heavily wounded.
This wand has 13 charges left.
The orc warrior hits you with a scimitar!!
Ouch! That really hurt!
You die...

# # #######
.####o..oo. .. .
..#o# #. .# #.#o#
#.# ###.# #.#.# #.#
#...# #.#.# ####.#
#.# #†# ##.o.#####
......
#.####.####.##......
####.#
#..@o..o.)...###....
#.#
#..###.##.##.####.#.
#.# #..#
#.##.##......#.
#.#########..#
#.##.##..###.#.
#.#......^...#
#.###.#..##.##.
####............#
#.# #.........
.......##########
#.........#####
######## ###########


You could see an orc warrior and an orc.

Vanquished Creatures
  An adder (D:3)
  2 orcs (D:3)
  5 bats
  3 giant cockroaches
  9 goblins
  8 hobgoblins
  5 kobolds
  A quokka (D:2)
  A ball python (D:1)
  3 giant newts (D:1)
  4 rats
42 creatures vanquished.

Vanquished Creatures (others)
  An orc wizard (D:3)
1 creature vanquished.

Grand Total: 43 creatures vanquished

Notes
Turn   | Place    | Note
--------------------------------------------------------------
     0 | D:1      | M4edhros the Octopode Artificer began the quest for the Orb.
     0 | D:1      | Reached XP level 1. HP: 13/13 MP: 3/3
    41 | D:1      | Reached skill level 2 in Stealth
   123 | D:1      | Reached XP level 2. HP: 18/18 MP: 4/4
   141 | D:1      | Reached skill level 3 in Stealth
   367 | D:1      | Reached skill level 1 in Slings
   488 | D:1      | Reached XP level 3. HP: 23/23 MP: 5/5
  1078 | D:3      | Found a bloodstained altar of Trog.
  1251 | D:3      | Reached skill level 4 in Stealth
  1279 | D:3      | Noticed an orc warrior
  1282 | D:3      | Reached XP level 4. HP: 28/28 MP: 6/6
  1307 | D:3      | Demolished by an orc warrior

Vault maps used:
D:1:      dpeg_arrival_rhombus
D:3:      lemuel_doored_altar, trog_book

Skill      XL: |  1  2  3 |
---------------+----------+-----
Stealth        | 2 3 4 |  4.1
Slings         | 1 2 |  2.2
Fighting       | |  1.0
Short Blades   | |  1.0
Dodging        | |  2.0
Evocations     | |  3.2

Action                   |  1- 3 |  4- 6 || total
-------------------------+-------+-------++-------
Melee: Short sword       |    22 |     1 ||    23
 Fire: Hunting sling     |    96 |       ||    96
Evoke: Wand              |       |     7 ||     7
  Use: Potion            |     4 |       ||     4
 Stab: Sleeping          |     4 |     1 ||     5
  Eat: Chunk             |     1 |       ||     1
